 Dungeon Crawl Stone Soup version 0.31-a0-700-gf13585253f (webtiles) character file.

Game seed: 461462400989080381

257 qw the Shooter (level 6, -1/37 HPs)
             Began as a Gargoyle Hunter on Sept 7, 2023.
             Killed by divine providence
             ... invoked by an orc priest
              (14 damage)
             ... on level 3 of the Dungeon.
             The game lasted 00:00:45 (1693 turns).

qw the Shooter (Gargoyle Hunter)                    Turns: 1693, Time: 00:00:45

Health: -1/37      AC: 15    Str: 15    XL:     6   Next: 16%
Magic:  6/6        EV: 11    Int:  9    God:
Gold:   82         SH:  0    Dex: 15    Spells: 5/5 levels left

rFire   + . .        Y - +1 shortbow
rCold   . . .        (shield currently unavailable)
rNeg    + . .        d - +0 ring mail
rPois   inf          f - +0 helmet
rElec   +            j - +0 cloak
rCorr   .            (no gloves)
SInv    .            g - +2 pair of boots
Will    .....        (no amulet)
Stlth   +            k - ring of protection from fire
HPRegen 0.26/turn    (no ring)
MPRegen 0.10/turn

%: no passive effects
@: no status effects
A: sickness immunity, AC +4, negative energy resistance 1, electricity
resistance, torment resistance 1, petrification resistance
a: no special abilities


You were on level 3 of the Dungeon.
You visited 1 branch of the dungeon, and saw 3 of its levels.

You collected 82 gold pieces.


Innate Abilities, Weirdness & Mutations

You are immune to sickness and miasma.
Your stone body is resilient. (AC +4)
You are immune to poison.
You resist negative energy. (rN+)
You are resistant to electric shocks. (rElec)
You are resistant to unholy torment.
You are immune to petrification.


   Skills:
 + Level 3.0 Fighting
 - Level 6.0 Ranged Weapons
 - Level 3.6 Armour
 - Level 1.5 Dodging
 - Level 1.1 Stealth


You had 5 spell levels left.
You didn't know any spells.
Your spell library was empty.

Inventory:

Hand Weapons
 Y - a +1 shortbow (weapon)
Armour
 d - a +0 ring mail (worn)
 f - a +0 helmet (worn)
 g - a +2 pair of boots (worn)
 j - a +0 cloak (worn)
Jewellery
 a - an amulet of regeneration
 k - a ring of protection from fire (left hand)
Scrolls
 b - a scroll of identify
 h - 2 scrolls of teleportation
Potions
 c - 2 potions of brilliance {unknown}
 e - a potion of might {unknown}
 i - a potion of berserk rage {unknown}

Dungeon Overview and Level Annotations

Branches:
Dungeon (3/15)

Altars:
Sif Muna

Shops:
D:2 (


Message History

The water moccasin bites you but does no damage.
You shoot an arrow.
The arrow closely misses the water moccasin.
The water moccasin bites you. The water moccasin barely misses you.
The orc priest looks braver for a moment.
You shoot an arrow.
The arrow barely misses the water moccasin.
The water moccasin bites you.
You shoot an arrow. The arrow hits the water moccasin!
The water moccasin is severely wounded.
The water moccasin bites you. The water moccasin bites you!
You shoot an arrow. The arrow misses the water moccasin.
The water moccasin closely misses you. x2
You shoot an arrow.
The arrow closely misses the water moccasin.
The water moccasin bites you but does no damage.
You shoot an arrow. The arrow hits the water moccasin.
The water moccasin is severely wounded.
The water moccasin bites you but does no damage.
The water moccasin closely misses you.
You shoot an arrow. The arrow hits the water moccasin!
The water moccasin is almost dead.
The water moccasin bites you.
The water moccasin bites you but does no damage.
You shoot an arrow. The arrow hits the water moccasin.
You kill the water moccasin!
Your Armour skill gained 2 levels and is now at level 3!
You have reached level 6!
You shoot an arrow. The arrow hits the orc priest!
The orc priest is heavily wounded.
The orc priest miscasts a cantrip.
You shoot an arrow. The arrow hits the orc priest.
The orc priest is severely wounded.
The orc priest calls down the wrath of Beogh upon you.
Pain shoots through your body!
You shoot an arrow. The arrow hits the orc priest.
The orc priest is almost dead.
The orc priest calls down the wrath of Beogh upon you.
Beogh smites you!
You die...

... .. #. #o## #!)#
#.## #.o## ..#
#..####%.# #.#
#....@#.####### #.#
#.....#........
...........#........
#.####.....#........
#.# #..)..#....[...
#.## #######......[.
##### #..##
###........ ....#
##..# ##..........
###.#####.##
##...........


You could see an orc priest.

Vanquished Creatures
  A water moccasin (D:3)
  A scorpion (D:2)
  Robin (D:2)
  An adder (D:3)
  A worm (D:2)
  A dart slug (D:3)
  An orc (D:3)
  6 bats
  An endoplasm (D:2)
  3 giant cockroaches
  7 hobgoblins
  4 jackals (D:1)
  2 quokkas (D:1)
  3 frilled lizards
  13 goblins
  3 kobolds
  4 rats (D:1)
53 creatures vanquished.

Notes
Turn   | Place    | Note
-------+----------+-------------------------------------------
     0 | D:1      | qw the Gargoyle Hunter began the quest for the Orb.
     0 | D:1      | Reached XP level 1. HP: 12/12 MP: 1/1
     0 | D:1      | 0 ||| qw: Version: 0.3-a-76-g4403597
     0 | D:1      | 0 ||| qw: Game counter: 516
     0 | D:1      | 0 ||| qw: Melee chars always use a shield: true
     0 | D:1      | 0 ||| qw: God list: Okawaru
     0 | D:1      | 0 ||| qw: Allow faded altars: false
     0 | D:1      | 0 ||| qw: Do Orc after clearing Dungeon:15 true
     0 | D:1      | 0 ||| qw: Do second Lair branch before Depths: true
     0 | D:1      | 0 ||| qw: Lair rune preference: random
     0 | D:1      | 0 ||| qw: Goals: Normal
     0 | D:1      | 0 ||| PLANNING D:1-11
    21 | D:1      | 21 ||| RETREATING.
    25 | D:1      | 25 ||| Stepping ~*~*~tactically~*~*~ (retreating).
    27 | D:1      | 27 ||| Stepping ~*~*~tactically~*~*~ (retreating).
    28 | D:1      | 28 ||| Stepping ~*~*~tactically~*~*~ (retreating).
    29 | D:1      | 29 ||| Stepping ~*~*~tactically~*~*~ (retreating).
    30 | D:1      | 30 ||| Stepping ~*~*~tactically~*~*~ (retreating).
    31 | D:1      | 31 ||| Stepping ~*~*~tactically~*~*~ (retreating).
    32 | D:1      | 32 ||| Stepping ~*~*~tactically~*~*~ (retreating).
    42 | D:1      | Reached XP level 2. HP: 9/17 MP: 2/2
   304 | D:1      | Reached XP level 3. HP: 21/21 MP: 3/3
   344 | D:1      | You fall into a shaft and drop 1 floor!
   347 | D:2      | Noticed a scorpion
   353 | D:2      | Killed a scorpion
   354 | D:2      | Reached skill level 5 in Ranged Weapons
   354 | D:2      | Reached XP level 4. HP: 26/26 MP: 4/4
   458 | D:2      | Found Ishoedah's Weapon Boutique.
   459 | D:2      | 459 ||| UPGRADING to +0 ring mail.
   469 | D:2      | 469 ||| DROPPING +0 leather armour.
   470 | D:2      | 470 ||| UPGRADING to +0 pair of boots.
   475 | D:2      | 475 ||| UPGRADING to +2 pair of boots.
   485 | D:2      | 485 ||| DROPPING +0 pair of boots.
   486 | D:2      | 486 ||| UPGRADING to +0 cloak.
   491 | D:2      | 491 ||| UPGRADING to ring of protection from fire.
   492 | D:2      | 492 ||| READING scroll labelled FENKIA HOF BIG.
   493 | D:2      | 493 ||| READING scroll labelled GYUXOAVIETH.
   494 | D:2      | 494 ||| DROPPING scroll of butterflies.
   830 | D:1      | Reached skill level 1 in Armour
   962 | D:1      | 962 ||| DROPPING ring of wizardry.
  1098 | D:2      | Found a shimmering blue altar of Sif Muna.
  1204 | D:2      | Noticed Robin
  1210 | D:2      | Killed Robin
  1211 | D:2      | Reached XP level 5. HP: 32/32 MP: 5/5
  1273 | D:2      | Reached skill level 3 in Fighting
  1474 | D:2      | 1474 ||| UPGRADING to +0 helmet.
  1479 | D:2      | 1479 ||| READING scroll labelled RAUDWE HIMO.
  1480 | D:2      | 1480 ||| READING 2 scrolls labelled QONGEF JYN QEK.
  1510 | D:3      | 1510 ||| FLEEEEING.
  1650 | D:3      | Reached skill level 6 in Ranged Weapons
  1664 | D:3      | Noticed a water moccasin
  1674 | D:3      | 1674 ||| RETREATING.
  1690 | D:3      | Killed a water moccasin
  1691 | D:3      | Reached skill level 3 in Armour
  1691 | D:3      | Reached XP level 6. HP: 15/37 MP: 6/6
  1693 | D:3      | Killed from afar by an orc priest

Levels and vault maps discovered:
D:1:      ebering_hopf_link, layout_basic, reono_crystal_passage, minivault_26,
          minivault_25, chequers_serial_rivers_micro_b, minmay_nonomino_d4
D:2:      layout_loops_ring, serial_shops, shop_fountains, basic_altar,
          uniq_crazy_yiuf_cottage, uniq_robin
D:3:      minmay_diamond_boxcup, layout_rooms

Skill      XL: |  1  2  3  4  5 |
---------------+----------------+-----
Ranged Weapons | 5 6 |  6.0
Armour         | 1 3 |  3.6
Fighting       | 3 |  3.0
Dodging        | |  1.5
Stealth        | |  1.1

Action                     |  1- 3 |  4- 6 || total
---------------------------+-------+-------++-------
   Fire: Shortbow          |    64 |    99 ||   163
    Use: Scroll            |       |     4 ||     4
 Armour: Leather armour    |    35 |     1 ||    36
         Ring mail         |       |    31 ||    31
  Dodge: Dodged            |    35 |    19 ||    54

Table legend:
 A = Non-vault XP
 B = Vault XP
 C = Vault XP percentage of total XP
 D = Non-vault monster count
 E = Vault monster count
 F = Vault count percentage of total count
                 A         B        C        D         E       F
            +---------+---------+-------+---------+---------+-------
      Total |     334 |      34 |   9.2 |      42 |      11 |  20.8
            +---------+---------+-------+---------+---------+-------
        D:1 |      45 |       7 |  13.5 |      27 |       4 |  12.9
        D:2 |     100 |      27 |  21.3 |       6 |       7 |  53.8
        D:3 |     189 |       0 |   0.0 |       9 |       0 |   0.0
            +---------+---------+-------+---------+---------+-------
